 Dungeon Crawl Stone Soup version 0.20.1-1-g8b1a95d (webtiles) character file.

688 McKennaii the Sneak (level 7, -27/43 HPs)
             Began as an Octopode Transmuter on Aug 10, 2017.
             Annihilated by an ogre
             ... wielding a +0 giant club
              (28 damage)
             ... on level 5 of the Dungeon.
             The game lasted 00:06:39 (5301 turns).

McKennaii the Sneak (Octopode Transmuter)           Turns: 5301, Time: 00:06:40

Health: -27/43     AC:  2    Str:  8 (10) XL:     7   Next: 63%
Magic:  10/10      EV: 19    Int: 16 (17) God:
Gold:   146        SH:  0    Dex: 11 (12) Spells: 4/10 levels left

rFire    . . .     SeeInvis .     - Unarmed
rCold    . . .     Gourm    .   (no shield)
rNeg     . . .     Faith    .   t - +1 hat {MR+}
rPois    .         Spirit   .   (no amulet)
rElec    .         Reflect  .   p - +6 ring of evasion
rCorr    .         Harm     .   (no ring)
MR       +....                  (no ring)
Stlth    ++++......             (no ring)
Regen    0.2/turn               (no ring)
MPRegen  0.2/turn               (no ring)
                                (no ring)
                                (no ring)

@: flying
A: almost no armour, stealthy swim, amphibious, 8 rings, constrict 8, camouflage
1, gelatinous body 1
a: no special abilities


You were on level 5 of the Dungeon.
You were not hungry.

You visited 1 branch of the dungeon, and saw 5 of its levels.

You collected 146 gold pieces.

Inventory:

Missiles
 a - 51 arrows
Armour
 t - a +1 hat of magic resistance (worn)
Jewellery
 k - an uncursed ring of ice
 p - a +6 ring of evasion (left tentacle)
Scrolls
 e - 2 scrolls of enchant weapon
 g - 2 scrolls of teleportation
 q - 2 scrolls of amnesia
 u - 2 scrolls of remove curse
 v - 2 scrolls of identify
 y - a scroll of enchant armour {unknown}
Potions
 d - 5 potions of curing
 f - a potion of cancellation {unknown}
 j - a potion of flight
 l - a potion of ambrosia {unknown}
 m - a potion of might {unknown}
 o - a potion of degeneration
 s - a potion of haste {unknown}
 w - a potion of lignification {unknown}
 x - a potion of brilliance {unknown}
Books
 b - a book of Changes

   Spells                             Type                      Level
   a - Beastly Appendage              Transmutation                1
   b - Sticks to Snakes               Transmutation                2
   c - Spider Form                    Transmutation/Poison         3
   d - Ice Form                       Ice/Transmutation            4
   e - Blade Hands                    Transmutation                5
Comestibles
 c - 3 bread rations
 h - 3 fruits
 i - 2 chunks of flesh
 n - 2 meat rations
 r - a royal jelly


   Skills:
 + Level 1.5 Fighting
 + Level 2.5 Dodging
 * Level 6.6 Stealth
 * Level 6.0 Unarmed Combat
 + Level 2.3 Spellcasting
 * Level 3.4 Transmutations


You had 4 spell levels left.
You knew the following spells:

 Your Spells              Type           Power        Failure   Level  Hunger
a - Beastly Appendage     Tmut           ##....       4%          1    #......
b - Sticks to Snakes      Tmut           ##......     8%          2    ###....
c - Spider Form           Tmut/Pois      #.........   30%         3    ###....


Dungeon Overview and Level Annotations

Branches:
Dungeon (5/15)
 Temple: D:4-7

Altars:

Shops:
D:4 (   D:5 [


Innate Abilities, Weirdness & Mutations

You cannot wear most types of armour.
You are very stealthy in the water. (Stealth+)
You are amphibious.
You can wear up to eight rings at the same time.
You can use your tentacles to constrict eight enemies at once.
Your skin changes colour to match your surroundings (Stealth+).
Your rubbery body absorbs attacks. (AC +1, EV +1)


Message History

You tentacle-slap the ogre.
The ogre is severely wounded.
The leopard gecko misses you. The worker ant zombie misses you.
The leopard gecko bites you. The leopard gecko closely misses you.
A worker ant comes into view.
The leopard gecko barely misses you.
Okay, then.
Okay, then.
It was a potion of flight.
You feel very buoyant.
You fly up into the air.
The leopard gecko bites you. The ogre hits you with a giant club!
* * * LOW HITPOINT WARNING * * *
It was a potion of degeneration.
There was something very wrong with that liquid.
You feel weakened.
You feel dopey.
You feel clumsy. The leopard gecko misses you.
The ogre hits you with a giant club!!
Ouch! That really hurt!
You die...

..## ...# ........ ...#
a...... ...# ...... #. ..##
#.... #... ..# #... #....#
.## #..##.....# ##
#.##.....[# # #@#.......#.
# #Ol.........
#########Z..........
#......##...........
#..................# ####
#..................# ##.#
#..................# ...#
#..........#.......#
...#####.........###......#


You could see an ogre, a worker ant (sleeping), a worker ant zombie and a
leopard gecko.

Vanquished Creatures
  An ogre (D:4)
  2 scorpions
  A crimson imp (D:5)
  A hound (D:5)
  An orc priest (D:5)
  A centaur skeleton (D:4)
  3 orc wizards
  Jessica (D:3)
  Terence (D:3)
  An iguana (D:5)
  2 worker ants (D:4)
  3 gnolls
  4 adders
  2 oozes
  An adder skeleton (D:5)
  2 worms (D:2)
  2 dart slugs
  5 leopard geckos
  5 orcs
  7 bats
  4 giant cockroaches
  9 goblins
  10 hobgoblins
  7 jackals
  A quokka (D:2)
  5 frilled lizards
  10 kobolds
  A rat (D:1)
93 creatures vanquished.

Vanquished Creatures (others)
  A leopard gecko (D:1)
  A giant cockroach (D:1)
2 creatures vanquished.

Grand Total: 95 creatures vanquished

Notes
Turn   | Place    | Note
-------+----------+-------------------------------------------
     0 | D:1      | McKennaii the Octopode Transmuter began the quest for the Orb.
     0 | D:1      | Reached XP level 1. HP: 13/13 MP: 3/3
    62 | D:1      | Reached XP level 2. HP: 3/18 MP: 5/5
   333 | D:1      | Reached skill level 1 in Stealth
   980 | D:1      | Reached XP level 3. HP: 20/23 MP: 6/6
  1028 | D:1      | Learned a level 2 spell: Sticks to Snakes
  1035 | D:1      | Learned a level 3 spell: Spider Form
  1613 | D:2      | Reached XP level 4. HP: 23/28 MP: 7/7
  2309 | D:3      | Noticed Terence
  2322 | D:3      | Killed Terence
  2499 | D:3      | Reached XP level 5. HP: 18/33 MP: 8/8
  2904 | D:3      | Noticed Jessica
  2912 | D:3      | Killed Jessica
  3202 | D:3      | Reached XP level 6. HP: 21/38 MP: 9/9
  3694 | D:4      | Found Zitwidgh's Antique Weapon Shop.
  3810 | D:4      | Reached skill level 5 in Stealth
  3810 | D:4      | Reached skill level 5 in Unarmed Combat
  4048 | D:4      | Reached XP level 7. HP: 19/43 MP: 10/10
  4251 | D:5      | Entered Level 5 of the Dungeon
  4970 | D:5      | Found Idaibal's Armour Boutique.
  5300 | D:5      | HP: 1/43 [ogre/giant club (12)]
  5301 | D:5      | Annihilated by an ogre

Skill      XL: |  1  2  3  4  5  6  7 |
---------------+----------------------+-----
Stealth        | 1 2 3 4 5 6 |  6.6
Unarmed Combat | 4 5 6 |  6.0
Transmutations | 3 |  3.4
Fighting       | |  1.5
Dodging        | |  2.5
Spellcasting   | |  2.3

Action                   |  1- 3 |  4- 6 |  7- 9 || total
-------------------------+-------+-------+-------++-------
Melee: Unarmed           |    80 |   136 |    63 ||   279
       Constrict         |    16 |    25 |    12 ||    53
       Punch             |     5 |     1 |     2 ||     8
       Tentacles         |    11 |    20 |    13 ||    44
 Cast: Spider Form       |       |     1 |       ||     1
  Use: Scroll            |       |     6 |     1 ||     7
       Potion            |       |       |     3 ||     3
 Stab: Sleeping          |     9 |    15 |     2 ||    26
       Distracted        |     1 |       |       ||     1
  Eat: Chunk             |     2 |     8 |       ||    10
       Bread ration      |       |       |     1 ||     1
Armor: Skin              |     8 |     6 |     2 ||    16
Dodge: Dodged            |    30 |    80 |    54 ||   164
